 Dungeon Crawl Stone Soup version 0.17-a0-1115-g0372368 (webtiles) character file.

21 ryw the Caller (level 2, 0/19 HPs)
             Began as a Demonspawn Summoner on May 23, 2015.
             Slain by a giant gecko (4 damage)
             ... on level 1 of the Dungeon.
             The game lasted 00:02:45 (1454 turns).

ryw the Caller (Demonspawn Summoner)                Turns: 1454, Time: 00:02:45

Health: 0/19       AC:  3    Str:  8    XL:     2   Next: 62%
Magic:  4/5        EV: 13    Int: 16    God:
Gold:   19         SH:  0    Dex: 16    Spells: 2 memorised, 2 levels left

rFire  . . .     SeeInvis .     a - +0 short sword
rCold  . . .     Clarity  .     f - +0 robe
rNeg   . . .     SustAt   .     (no shield)
rPois  .         Gourm    .     (no helmet)
rElec  .         Spirit   .     g - +0 cloak
rCorr  .         Warding  .     (no gloves)
rMut   .         Stasis   .     (no boots)
MR     .....                    (no amulet)
Stlth  ++........               (no ring)
                                l - +3 ring of dexterity

@: not resistant to hostile enchantments, unstealthy
A: rot immunity
a: no special abilities


You were on level 1 of the Dungeon.
You were hungry.

You visited 1 branch of the dungeon, and saw 1 of its levels.

You collected 19 gold pieces.

Inventory:

Hand weapons
 a - a +0 short sword (weapon)
Missiles
 j - 6 poisoned needles
Armour
 f - a +0 robe (worn)
 g - a +0 cloak (worn)
Jewellery
 l - a +3 ring of dexterity (left hand)
Scrolls
 d - a scroll of identify {unknown}
 i - a scroll of blinking {unknown}
 k - a scroll of teleportation {unknown}
Potions
 e - a potion of heal wounds {unknown}
 h - a potion of brilliance {unknown}
Books
 b - a book of Callings

   Spells                             Type                      Level
   a - Summon Small Mammal            Summoning                    1
   b - Call Imp                       Summoning                    2
   c - Call Canine Familiar           Summoning                    3
   d - Summon Guardian Golem          Hexes/Summoning              3
   e - Summon Lightning Spire         Summoning/Air                4
   f - Summon Ice Beast               Ice/Summoning                4
Comestibles
 c - a bread ration


   Skills:
 + Level 2.3 Dodging
 - Level 1.7 Stealth
 - Level 2.0 Spellcasting
 + Level 4.4 Summonings


You had 2 spell levels left.
You knew the following spells:

 Your Spells              Type           Power        Failure   Level  Hunger
a - Summon Small Mammal   Summ           ###.         4%          1    #......
b - Call Imp              Summ           ###.....     8%          2    ###....


Dungeon Overview and Level Annotations

Branches:
Dungeon (1/15)

Altars:


Innate Abilities, Weirdness & Mutations

You are immune to rotting.


Message History

You hit the giant gecko but do no damage.
The giant gecko is heavily wounded.
The giant gecko barely misses you.
You closely miss the giant gecko.
The giant gecko is heavily wounded.
The giant gecko bites you. x2
* * * LOW HITPOINT WARNING * * *
You are too injured to fight recklessly!
Casting: Summon Small Mammal
Confirm with . or Enter, or press ? or * to list all spells.
The giant gecko bites you.
* * * LOW HITPOINT WARNING * * *
Unknown command.
You are too injured to fight recklessly!
Your bat hits the giant gecko but does no damage.
Your bat closely misses the giant gecko. x2
You closely miss the giant gecko.
The giant gecko is heavily wounded.
The giant gecko bites you.
You die...

####### #......
########.#####
#....>........
#.######..####
#.#######.# # #########
..........## #
#.......##..######...###
#.##...@lb..........>...
#.#.....##..######...###
##............# ##.## #
##........###..# #.####
#.........# ..# #.....
#....##.### ..# #.####
####....##.# ..# #..
#..........# ..# ###
#.##....#..# ..#


You could see a giant gecko and a friendly bat.

Vanquished Creatures
  6 bats (D:1)
  2 goblins (D:1)
  A hobgoblin (D:1)
  2 giant newts (D:1)
  2 kobolds (D:1)
  4 rats (D:1)
17 creatures vanquished.

Vanquished Creatures (collateral kills)
  A bat (D:1)
  A hobgoblin (D:1)
  2 kobolds (D:1)
  A goblin (D:1)
  A rat (D:1)
6 creatures vanquished.

Vanquished Creatures (others)
  A quokka (D:1)
  2 bats (D:1)
  A rat (D:1)
4 creatures vanquished.

Grand Total: 27 creatures vanquished

Notes
Turn   | Place    | Note
--------------------------------------------------------------
     0 | D:1      | ryw the Demonspawn Summoner began the quest for the Orb.
     0 | D:1      | Reached XP level 1. HP: 13/13 MP: 3/3
   702 | D:1      | Gained mutation: You are immune to rotting. [demonic ancestry]
   702 | D:1      | Reached XP level 2. HP: 5/19 MP: 1/5
   912 | D:1      | Learned a level 2 spell: Call Imp
  1454 | D:1      | Slain by a giant gecko

Vault maps used:
D:1:      dpeg_arrival_pits

Action                   || total
-------------------------++-------
Melee: Short sword       ||    50
       Unarmed           ||    11
       Club              ||     4
 Cast: Summon Small Mamm ||     9
 Stab: Sleeping          ||     1
  Eat: Chunk             ||     1
